cohdb
Replays
Latest Replays
All Replays
Popular Replays
Top Player Replays
Match Explorer
How It Works
Community
CoH3 Stats
Reddit
Sign in to upload your games and track your stats! →
Sign in with Steam
Match 33714765
Unlisted
Match 33714765
Overview
Messages
Build Orders
End
Construct Barracks
Selects Advanced Infantry Battlegroup
Riflemen Squad
Riflemen Squad
Riflemen Squad
Selects Convert to Ranger Squad
Convert to Ranger Squad
Infantry Support Center
Convert to Ranger Squad
Selects Designate Assault Position
Convert to Ranger Squad
Construct Tank Depot
Engineer Squad
Riflemen Squad
Selects Ranger Weapon Training
Convert to Ranger Squad
Selects Ammunition Storage
Selects M2A1 105mm Howitzer Emplacement
M18 Hellcat Tank Destroyer
Riflemen Squad
Forward Retreat Point
Selects 155mm Rapid Artillery Barrage
Advanced Logistics
Survival Training
Convert to Ranger Squad
M18 Hellcat Tank Destroyer
Microsoft Outlook
Microsoft Office Excel
Microsoft Office Word
TimBurrito
xxxDerOzelotxxx
PlatzFichte
0
0
Comments
sign in to comment!
No comments posted yet!